← All builds
Front / Armada / Economy first / OBSERVED BUILD

Standard front

Armada Front build order · Supreme Isthmus

Standard economy-first Front play: Bot Lab and Vehicle Plant up immediately, units trickle to the coast and middle, with an Advanced Metal Extractor around 9:00 as the eco transition.

#eco · 1709 distinct matches · 249 players · 74% of Armada Front games · team won 61% of 2004 · Recently observed

HOW TO PLAY IT

Key timing: T2 constructor by 7:43

  1. Open mex and wind, drop Bot Lab and Vehicle Plant almost immediately.
  2. Pump Blitz, Rocketeer and Pawn to the coast to stop leaks first.
  3. Add Centurion and Janus once first units are moving up.
  4. Form units into a line pushing toward middle as numbers grow.
  5. Upgrade to Advanced Metal Extractor as the economy transition kicks in.

Phase by phase

TYPICAL OF ITS 1709 GAMES
  1. 1
  2. 2
  3. 3
PLAY THE OPENING

Follow the example game's first 6:00 step by step: what to build now, what comes next, and where it goes. At 1× it keeps pace with your own game.

  1. 1

    Up to the Bot Lab

    Economy
    • Metal Extractor2Mex
    Order
    1. Bot LabBot Lab after 2 mex, 1 winddone ~0:44, middle half 0:33–0:56

    Some games also: wind (48%) · Vehicle Plant (35%)

    By 0:28 in all: 2 mex

    The example game in this phase · 2 steps
    1. Mex ×2
    2. Bot LabBot Labdone 0:33 · typical 0:44
  2. 2

    Bot Lab to 5:00

    Economy
    • Metal Extractor4Mex
    • Wind Turbine3Wind
    Builders
    • Construction Bot1 Con bot
    Army
    • Sentry1 Sentry
    • Rocketeer6 Rocketeer

    Some games also: Lazarus (49%) · tick (46%) · centurion (40%) · con vehicle (32%) · janus (32%)

    By 5:00 in all: 6 mex · 6 wind

    The example game in this phase · 37 steps
    1. Wind
    2. TickTick ×2
    3. Wind
    4. Construction BotCon bot
    5. Wind
    6. LazarusLazarus
    7. Mex
    8. PawnPawn
    9. Construction BotCon bot
    10. Mex
    11. Construction BotCon bot
    12. PawnPawn
    13. SentrySentry
    14. PawnPawn
    15. LazarusLazarus
    16. Mex
    17. CenturionCenturion
    18. RocketeerRocketeer
    19. SentrySentry
    20. RocketeerRocketeer ×2
    21. Mex
    22. RocketeerRocketeer
    23. SentrySentry
    24. RocketeerRocketeer ×2
    25. SentrySentry
    26. RocketeerRocketeer ×4
    27. LazarusLazarus
    28. RocketeerRocketeer ×3
    29. SentrySentry
    30. RocketeerRocketeer ×2
    31. Mex
    32. RocketeerRocketeer
    33. Radar TowerRadar Tower
    34. RocketeerRocketeer ×2
    35. Con turret
    36. RocketeerRocketeer ×2
    37. LazarusLazarus
  3. 3

    5:00 to 10:00

    Economy
    • Metal Extractor1Mex
    • Wind Turbine14Wind
    Builders
    • Construction Turret2 Con turret
    Army
    • Sentry1 Sentry

    Some games also: rocketeer (46%) · energy storage (43%) · Lazarus (38%) · con bot (38%) · Radar Tower (36%)

    By 10:00 in all: 7 mex · 24 wind · 1 energy storage · 3 con turret

    The example game in this phase · 51 steps
    1. RocketeerRocketeer
    2. Wind
    3. RocketeerRocketeer
    4. Wind
    5. RocketeerRocketeer
    6. Wind
    7. RocketeerRocketeer
    8. Wind
    9. RocketeerRocketeer
    10. Wind
    11. RocketeerRocketeer ×2
    12. Wind
    13. RocketeerRocketeer
    14. Energy storage
    15. PawnPawn
    16. Con turret
    17. PawnPawn
    18. SentrySentry ×2
    19. Vehicle PlantVehicle Plantdone 6:23 · typical 0:47
    20. PawnPawn ×2
    21. Mex
    22. AggravatorAggravator
    23. PawnPawn
    24. SentrySentry
    25. PawnPawn ×3
    26. SentrySentry
    27. PawnPawn ×2
    28. AggravatorAggravator
    29. Radar TowerRadar Tower
    30. PawnPawn ×2
    31. GroundhogGroundhog
    32. BlitzBlitz ×4
    33. Advanced Metal ExtractorT2 mexdone 7:36 · typical 9:00
    34. Wind
    35. BlitzBlitz
    36. Mex
    37. BlitzBlitz
    38. Wind
    39. BlitzBlitz
    40. Wind
    41. Advanced Metal ExtractorT2 mex
    42. BlitzBlitz
    43. Mex
    44. BlitzBlitz
    45. Wind
    46. Bot LabEat Bot Labreclaimed for its metal
    47. SentrySentry
    48. BlitzBlitz
    49. Wind
    50. Advanced Metal ExtractorT2 mex
    51. BlitzBlitz ×2

Counts are medians over the build's games: half of them build more, half fewer. The example game is Gieds's (43 OS, 14/10/2026); pick another.

Team trades

IN AT LEAST 30% OF ITS GAMES

You hand over

Nothing regular.

You get

  • Tidal Generator4 Tidal from Pondfirst at 0:17 · in 68% of games
  • Advanced Construction Bot1 T2 con bot from Geo or Techfirst at 7:23 · in 64% of games

How it plays out

Typical game of this build, running totals by minute

Metal produced

010k20k30k
0:005:0010:0015:00

metal

Enemy metal destroyed

05k10k
0:005:0010:0015:00

metal

Own metal lost

05k10k
0:005:0010:0015:00

metal

2004 games.

Show as table
ByMetal produced: This buildEnemy metal destroyed: This buildOwn metal lost: This build
1:0033300
2:008402131
3:001619135109
4:002700522333
5:0038471126783
6:00503519371427
7:00625027262302
8:00753535483173
9:00897543324071
10:001055050154810
11:001238455405547
12:001453759986404
13:001688964946999
14:001926072177829
15:002185578738701
WHAT THE NUMBERS SAY

Standard Front play wins more often than Suicide front and produces more metal by 15:00 while losing less of it.

  • + Metal produced reaches 22627 by 15:00, well above Suicide front's 20142.
  • + Own metal lost is 8944 by 15:00, lower than enemy metal destroyed ratio of Suicide front.
  • − First unit lost already at 1:43, showing exposure despite the safer position.
  • − Blitz dominates army share at 25%, leaving fewer Centurion for anti-swarm.
THE EXAMPLE YOU ARE READING

Gieds

42.7 OS · 14/10/2026

Open source match ↗

5 received units · includes a constructor
2 metal received · 26176 energy received

Allied construction assistance is unknown. Timings are observations, not a promise of solo reproducibility.

Typical milestones

Bot Lab0:44Middle 50%: 0:33–0:56 · n=1341
Vehicle Plant0:47Middle 50%: 0:41–1:14 · n=1292
Advanced Metal Extractor9:00Middle 50%: 8:09–10:15 · n=1575

Played most by

haaven107games of this buildHummell107games of this buildLeohvm94games of this buildTheGeneraI75games of this buildXad69games of this build
Standard front · Armada Front build order · BAR Build Atlas